 Dungeon Crawl Stone Soup version 0.20.1-1-g8b1a95d (webtiles) character file.

20 slep the Skirmisher (level 3, -2/30 HPs)
             Began as a Formicid Abyssal Knight on Oct 31, 2017.
             Was a Follower of Lugonu.
             Slain by Natasha (3 damage)
             ... on level 2 of the Dungeon.
             The game lasted 00:04:44 (837 turns).

slep the Skirmisher (Formicid Abyssal Knight)        Turns: 837, Time: 00:04:46

Health: -2/30      AC:  3    Str: 16    XL:     3   Next: 0%
Magic:  4/4        EV: 11    Int: 15    God:    Lugonu [*.....]
Gold:   34         SH:  0    Dex: 14    Spells: 2/2 levels left

rFire    . . .     SeeInvis +   a - +1 falchion
rCold    . . .     Gourm    .   (no shield)
rNeg     . . .     Faith    .   b - +0 leather armour
rPois    .         Spirit   .   (helmet unavailable)
rElec    .         Reflect  .   (no cloak)
rCorr    .         Harm     .   (no gloves)
MR       .....                  (no boots)
Stlth    +.........             (no amulet)
Regen    0.1/turn               h - +4 ring of intelligence
MPRegen  0.1/turn               k - +3 ring of dexterity

@: lethally poisoned (-2 -> -20)
A: permanent stasis, dig shafts and tunnels, four strong arms, antennae 3
a: Dig, Shaft Self, Depart the Abyss, Renounce Religion


You were on level 2 of the Dungeon.
You worshipped Lugonu.
Lugonu was aware of your devotion.
You were not hungry.

You visited 1 branch of the dungeon, and saw 2 of its levels.
You visited the Abyss 1 time.

You collected 34 gold pieces.

Inventory:

Hand Weapons
 a - a +1 falchion (weapon)
Armour
 b - a +0 leather armour (worn)
Jewellery
 h - a +4 ring of intelligence (left hand)
 k - a +3 ring of dexterity (right hand)
Scrolls
 e - 3 scrolls of identify {unknown}
 f - a scroll of recharging {unknown}
 g - a scroll of teleportation {unknown}
 i - a scroll of magic mapping {unknown}
 j - a scroll of enchant weapon {unknown}
Comestibles
 c - a bread ration
 l - a royal jelly


   Skills:
 + Level 3.9 Fighting
 + Level 2.2 Long Blades
 + Level 2.5 Armour
 + Level 0.8 Dodging
 + Level 2.1 Invocations


You had 2 spell levels left.
You didn't know any spells.

Dungeon Overview and Level Annotations

Branches:
Dungeon (2/15)

Altars:
Nemelex Xobeh

Annotations:
D:2 Natasha


Innate Abilities, Weirdness & Mutations

You cannot be hasted, slowed, berserked, paralysed or teleported.
You can dig through walls and to a lower floor.
Your four strong arms can wield two-handed weapons with a shield.
You have a pair of large antennae on your head. (SInv)


Message History

The adder is severely wounded.
You feel sick. The adder closely misses you.
The crimson imp blinks!
Natasha closely misses you. The adder bites you.
You are more poisoned.
The adder poisons you!
You hit the adder.
The adder is almost dead.
You feel sick. The adder bites you but does no damage.
Natasha claws you but does no damage.
The crimson imp shouts, "Give up, thou pox-marked crook-pated pimple!"
The crimson imp blinks!
The adder bites you but does no damage. Natasha claws you!
* * * LOW HITPOINT WARNING * * *
You miss the adder.
The adder is almost dead.
* * * LOW HITPOINT WARNING * * *
You feel sick. The adder bites you.
* * * LOW HITPOINT WARNING * * *
Natasha claws you.
You die...

#### #...
... .b# #K#
#S###+#
#@###_+
##h###+#
#?r# .#
#..###.###.
#.5..r.....
#........#
#..<....##
#.....5##
#......#


You could see Natasha, a crimson imp, an adder, a bat, a kobold and a rat.

Vanquished Creatures
  An ooze (D:1)
  4 hobgoblins
  A ball python (D:1)
  4 bats (D:1)
  4 kobolds (D:1)
  3 rats (D:1)
17 creatures vanquished.

Notes
Turn   | Place    | Note
-------+----------+-------------------------------------------
     0 | Abyss:1  | slep the Formicid Abyssal Knight began the quest for the Orb.
     0 | Abyss:1  | Reached XP level 1. HP: 18/18 MP: 2/2
    33 | Abyss:1  | Noticed a hungry ghost
    63 | D:1      | Escaped the Abyss
   225 | D:1      | Reached * piety under Lugonu
   469 | D:1      | Reached XP level 2. HP: 8/24 MP: 3/3
   817 | D:2      | Noticed Natasha
   822 | D:2      | Noticed a crimson imp
   822 | D:2      | Found a sparkling altar of Nemelex Xobeh.
   824 | D:2      | Reached XP level 3. HP: 27/30 MP: 4/4
   837 | D:2      | HP: 1/30 [adder (2)]
   837 | D:2      | Slain by Natasha

Action                   || total
-------------------------++-------
Melee: Falchion          ||    64
Invok: Depart the Abyss  ||     1
  Use: Potion            ||     1
Armor: Leather armour    ||    23
Dodge: Dodged            ||    44
       Rpst.: Falchion   ||    15
